 Dungeon Crawl Stone Soup version 0.28-a0-1638-g9123634e07 (webtiles) character file.

Game seed: 3618842124587417827

151 kae the Ruffian (level 5, -1/41 HPs)
             Began as a Draconian Transmuter on Jan 25, 2022.
             Slain by a kobold brigand (8 damage)
             ... on level 3 of the Dungeon.
             The game lasted 00:01:40 (4115 turns).

kae the Ruffian (Draconian Transmuter)              Turns: 4115, Time: 00:01:41

Health: -1/41      AC:  2    Str: 12    XL:     5   Next: 10%
Magic:  5/8        EV: 19    Int: 16    God:
Gold:   49         SH:  0    Dex: 16    Spells: 4/8 levels left

rFire   . . .      SeeInvis .     - Unarmed
rCold   . . .      Faith    .   (shield currently unavailable)
rNeg    . . .      Spirit   .   (armour unavailable)
rPois   x          Reflect  .   (helmet currently unavailable)
rElec   .          Harm     .   (cloak currently unavailable)
rCorr   .          Rampage  .   (gloves currently unavailable)
Will    .....                   (boots currently unavailable)
Stlth   +.........              (no amulet)
HPRegen 0.13/turn               (no ring)
MPRegen 0.11/turn               (no ring)

@: lethally poisoned (-1 -> -18), spider-form, slowed, very slow
A: venomous fangs, AC +5, tiny, unfitting armour, (cold-blooded)
a: End Transformation


You were on level 3 of the Dungeon.
You were a venomous arachnid creature.
You visited 1 branch of the dungeon, and saw 3 of its levels.

You collected 49 gold pieces.

Inventory:

Scrolls
 a - a scroll of teleportation {unknown}
 b - a scroll of fear {unknown}
 c - a scroll of noise
 d - a scroll of identify
 f - a scroll of magic mapping {unknown}


   Skills:
 + Level 1.9 Fighting
 + Level 2.3 Dodging
 * Level 3.9 Unarmed Combat
 + Level 2.4 Spellcasting
 * Level 3.1 Transmutations
 * Level 1.5 Poison Magic


You had 4 spell levels left.
You knew the following spells:

 Your Spells              Type           Power      Damage    Failure   Level
a - Beastly Appendage     Tmut           24%        N/A       16%         1
b - Spider Form           Tmut/Pois      9%         N/A       43%         3

Your spell library contained the following spells:

 Spells                   Type           Power      Damage    Failure   Level
 Wereblood                Tmut           12%        N/A       22%         2
 Passwall                 Tmut/Erth      5%         N/A       34%         2
 Sandblast                Erth           2%         2d4       41%         1
 Stone Arrow              Conj/Erth      2%         3d7       73%         3
 Ice Form                 Ice/Tmut       6%         N/A       87%         4


Dungeon Overview and Level Annotations

Branches:
Dungeon (3/15)

Altars:
Cheibriados
Elyvilon
Fedhas
Vehumet

Shops:
D:2 =


Innate Abilities, Weirdness & Mutations

You are a venomous arachnid creature.
You have poisonous fangs.
You are tiny and dextrous.
Your spellcasting is less reliable in this form.
Your armour is entirely melded.
You are incapable of wielding weapons or throwing items.
((Your plain brown scales are hard. (AC +5)))
You cannot fit into any form of body armour.
((You are cold-blooded and may be slowed by cold attacks.))


Message History

The kobold brigand shouts!
You see here a +0 club.
Casting: Beastly Appendage (safe; 5% risk of failure)
Confirm with . or Enter, or press ? or * to list all spells.
You grow a pair of large bovine horns.
Your feet morph into talons.
The kobold brigand throws a curare-tipped dart.
The curare-tipped dart hits you.
You are poisoned.
You have difficulty breathing.
You feel yourself slow down.
You feel very sick.
The hobgoblin shouts!
The kobold brigand hits you with a +1 dagger of venom.
You are more poisoned.
The kobold brigand drinks a potion.
The kobold brigand flickers and vanishes!
Deactivating autopickup; reactivate with Ctrl-A.
Casting: Beastly Appendage (safe; 5% risk of failure)
Confirm with . or Enter, or press ? or * to list all spells.
The spell is quite dangerous to miscast (22% risk of failure)!
Continue anyway? [Y]es or [N]o only, please.
The spell is quite dangerous to miscast (22% risk of failure)!
Continue anyway?
Your horns disappear.
Your talons disappear.
You turn into a venomous arachnid creature.
You feel very sick.
The hobgoblin throws a stone.
The stone closely misses you. Something closely misses you.
It was a potion of heal wounds.
You feel much better.
You feel sick. Something hits you! Something hits you.
You hit something.
You feel sick.
The hobgoblin throws a stone.
The stone misses you. Something closely misses you.
The hobgoblin throws a stone.
The stone closely misses you.
You barely miss something.
You feel sick. Something hits you.
You are lethally poisoned!
You hit something but do no damage.
* * * LOW HITPOINT WARNING * * *
You feel extremely sick. Something hits you.
* * * LOW HITPOINT WARNING * * *
The hobgoblin throws a stone.
Something hits you!
You die...

####.....###.#.# #.#
..##.....###.#.# #.#
#............#.# #.#
#............#.# #.#
#............#.# #.#
≈≈...........#.###.########
≈≈≈###########.....)).....#
≈≈≈≈≈# #.....#####.######.#
###### ......g.{s)........#
#####).)........#.#
###≈≈≈####..#####.#
###≈≈≈≈≈≈≈≈...........
#####≈≈≈≈≈≈≈≈≈..#.#####.###
.........≈≈≈##..#........#
#####.#...####.............
.# #.#...# #.........#.##
## #.#...#####.########<#


You could see a hobgoblin.

Vanquished Creatures
  Jessica (D:3)
  An iguana (D:3)
  An adder (D:3)
  A worm (D:2)
  8 dart slugs
  6 bats
  6 endoplasms
  4 giant cockroaches (D:1)
  4 goblins (D:1)
  8 hobgoblins
  3 quokkas
  6 ball pythons
  A frilled lizard (D:2)
  11 kobolds
  7 rats
68 creatures vanquished.

Vanquished Creatures (others)
  2 fungi (D:1)
  35 plants (D:1)
37 creatures vanquished.

Grand Total: 105 creatures vanquished

Notes
Turn   | Place    | Note
-------+----------+-------------------------------------------
     0 | D:1      | kae the Draconian Transmuter began the quest for the Orb.
     0 | D:1      | Reached XP level 1. HP: 16/16 MP: 3/3
   216 | D:1      | Reached XP level 2. HP: 14/23 MP: 3/5
   870 | D:1      | Reached XP level 3. HP: 28/28 MP: 6/6
   874 | D:1      | Learned a level 3 spell: Spider Form
  1077 | D:1      | Found a faded altar of an unknown god.
  2671 | D:2      | Found Xijaofuj's Jewellery Shoppe.
  2917 | D:3      | Noticed Jessica
  2922 | D:3      | Killed Jessica
  2923 | D:3      | Reached skill level 1 in Poison Magic
  2923 | D:3      | Reached XP level 4. HP: 36/36 MP: 3/7
  3591 | D:3      | Reached XP level 5. HP: 41/41 MP: 8/8
  3711 | D:3      | Found a radiant altar of Vehumet.
  3712 | D:3      | Found a white marble altar of Elyvilon.
  3713 | D:3      | Found a snail-covered altar of Cheibriados.
  3714 | D:3      | Found a blossoming altar of Fedhas.
  4115 | D:3      | Slain by a kobold brigand

Illustrated notes

Levels and vault maps discovered:
D:1:      eino_arrival_tree_alley, layout_basic,
          dreamdust_ecumenical_altar_hidden_monk_grotto,
          kennysheep_another_room, minmay_hexomino_p4
D:2:      layout_basic, serial_shops, shop_fountains
D:3:      cheibrodos_thug_alley, layout_basic, mainiacjoe_overflow_alcove_3,
          amethyst_killhole, eino_curves_03, uniq_jessica

Skill      XL: |  1  2  3  4 |
---------------+-------------+-----
Dodging        | 2 |  2.3
Poison Magic   | 1 |  1.5
Transmutations | 3 |  3.1
Fighting       | |  1.9
Unarmed Combat | |  3.9
Spellcasting   | |  2.4

Action                   |  1- 3 |  4- 6 || total
-------------------------+-------+-------++-------
Melee: Unarmed           |   160 |    54 ||   214
       Tailslap          |    19 |     5 ||    24
       Punch             |     6 |     1 ||     7
       Kick              |    14 |     8 ||    22
       Headbutt          |     7 |     5 ||    12
 Cast: Beastly Appendage |    26 |    13 ||    39
       Spider Form       |     2 |     2 ||     4
  Use: Scroll            |     2 |       ||     2
       Potion            |       |     2 ||     2
 Stab: Sleeping          |     1 |       ||     1
Armor: Skin              |    34 |     7 ||    41
Dodge: Dodged            |    91 |    41 ||   132

Table legend: (Time is in decaauts)
 A = Elapsed time spent in this place.
 B = Non-inter-level travel time spent in this place.
 C = Inter-level travel time spent in this place.
 D = Time resting spent in this place.
 E = Time spent auto-exploring this place.
 F = Levels seen in this place.
 G = Mean time per level.
                   A        B        C        D        E       F      G
               +--------+--------+--------+--------+--------+-----+--------+
         Total |   4105 |   3895 |    210 |    197 |   3159 |   3 | 1368.3 |
       Dungeon |   4105 |   3895 |    210 |    197 |   3159 |   3 | 1368.3 |
               +--------+--------+--------+--------+--------+-----+--------+

Top non-repeatable levels by time:
     D:1: 1844 daAuts
     D:3: 1197 daAuts
     D:2: 1063 daAuts
